 Dungeon Crawl Stone Soup version 0.29-a0-322-g68df515428 (webtiles) character file.

Game seed: 4225789962685520048

48 ooooo the Conjurer (level 3, 0/22 HPs)
             Began as an Octopode Conjurer on Apr 9, 2022.
             Slain by a scorpion (5 damage)
             ... on level 2 of the Dungeon.
             The game lasted 00:02:30 (2238 turns).

ooooo the Conjurer (Octopode Conjurer)              Turns: 2238, Time: 00:02:31

Health: 0/22       AC:  1    Str:  6    XL:     3   Next: 72%
Magic:  2/6        EV: 13    Int: 22    God:
Gold:   80         SH:  0    Dex: 10    Spells: 3/6 levels left

rFire   . . .      SeeInvis .   j - +0 dagger (venom)
rCold   . . .      Faith    .   (no shield)
rNeg    . . .      Spirit   .   (helmet restricted)
rPois   .          Reflect  .   (no amulet)
rElec   .          Harm     .   (no ring)
rCorr   .          Rampage  .   (no ring)
Will    .....                   (no ring)
Stlth   +++.......              (no ring)
HPRegen 0.07/turn               (no ring)
MPRegen 0.10/turn               (no ring)
                                (no ring)
                                (no ring)

@: lethally poisoned (0 -> -4)
A: almost no armour, amphibious, 8 rings, camouflage 1, gelatinous body 1,
(nimble swimmer 1), tentacles
a: no special abilities


You were on level 2 of the Dungeon.
You visited 1 branch of the dungeon, and saw 2 of its levels.

You collected 80 gold pieces.

Inventory:

Hand Weapons
 j - a +0 dagger of venom (weapon)
Missiles
 g - 2 javelins
 h - 5 poisoned darts
Scrolls
 c - a scroll of teleportation
 k - a scroll of enchant armour {unknown}
Potions
 b - a potion of berserk rage {unknown}
 d - 2 potions of curing {unknown}
 e - a potion of degeneration {unknown}
 f - a potion of heal wounds {unknown}
 i - 3 potions of lignification {unknown}


   Skills:
 + Level 0.9 Fighting
 + Level 2.4 Dodging
 + Level 3.2 Stealth
 + Level 2.3 Spellcasting
 * Level 4.5 Conjurations


You had 3 spell levels left.
You knew the following spells:

 Your Spells              Type           Power      Damage    Failure   Level
a - Searing Ray           Conj           44%        2d6       3%          2
b - Magic Dart            Conj           88%        1d7       1%          1

Your spell library contained the following spells:

 Spells                   Type           Power      Damage    Failure   Level
 Dazzling Flash           Conj/Hex       24%        N/A       16%         3
 Portal Projectile        Hex/Tloc       4%         N/A       36%         3
 Fulminant Prism          Conj/Hex       6%         3d7       45%         4
 Iskenderun's Mystic Bla  Conj/Tloc      12%        2d5       45%         4
 Summon Ice Beast         Ice/Summ       2%         N/A       78%         4
 Starburst                Conj/Fire      6%         6d4       100%        6
 Disjunction              Tloc           1%         N/A       100%        8


Dungeon Overview and Level Annotations

Branches:
Dungeon (2/15)

Altars:

Shops:
D:2 [

Annotations:
D:2 1 exclusion


Innate Abilities, Weirdness & Mutations

You cannot wear most types of armour.
You are amphibious.
You can wear up to eight rings at the same time.
Your skin changes colour to match your surroundings (Stealth+).
Your rubbery body absorbs attacks. (AC +1, EV +1)
((You are camouflaged when in or above water. (Stealth+)))
You have tentacles for arms and can constrict up to eight enemies at once.


Message History

Aiming: Searing Ray (safe; 3% risk of failure)
Press: ? - help, Shift-Dir - straight line, f - scorpion
Aim: a scorpion (78% to hit)
The searing ray hits the scorpion.
The scorpion is moderately wounded. (Press . to maintain the ray.) Unknown command.
The searing ray misses the scorpion.
The searing ray misses the scorpion.
The scorpion stings you.
You are poisoned.
The scorpion poisons you!
The searing ray hits the scorpion.
The scorpion is heavily wounded.
You finish channelling your searing ray.
You feel very sick. The scorpion completely misses you.
The scorpion stings you but does no damage.
You aren't carrying any items that you can evoke.
Unknown command.
Magic courses through your body.
You feel very sick. The scorpion misses you.
Casting: Searing Ray (safe; 3% risk of failure)
Confirm with . or Enter, or press ? or * to list all spells.
Aiming: Searing Ray (safe; 3% risk of failure)
Press: ? - help, Shift-Dir - straight line, f/p - scorpion
Aim: a scorpion (heavily wounded, 78% to hit)
The searing ray misses the scorpion. (Press . to maintain the ray.)
You feel sick. The scorpion stings you.
Unknown command.
The searing ray hits the scorpion.
The scorpion is heavily wounded.
You feel sick.
The scorpion stings you but does no damage.
The searing ray hits the scorpion.
The scorpion is severely wounded.
* * * LOW HITPOINT WARNING * * *
You feel sick. The scorpion stings you.
You die...

....>............##.....
S................##.....
.g................#.....
.####......[...>........
#.............######
#.............#
.####.............#
..................#
......s@..........#
.......############.######
....... ........#.....
..[..# ##########.####
#....# #..............
#...?# #.########.###.
#....# #.# #.# #. #....#
#.# #.###. #....# #.#
#.....


You could see a scorpion.

Vanquished Creatures
  An adder (D:2)
  A worm (D:2)
  A dart slug (D:2)
  2 hobgoblins (D:1)
  4 jackals (D:2)
  3 quokkas
  2 ball pythons (D:1)
  3 bats
  2 frilled lizards
  7 goblins
  3 kobolds (D:1)
  3 rats (D:1)
32 creatures vanquished.

Notes
Turn   | Place    | Note
-------+----------+-------------------------------------------
     0 | D:1      | ooooo the Octopode Conjurer began the quest for the Orb.
     0 | D:1      | Reached XP level 1. HP: 11/11 MP: 3/3
   252 | D:1      | Found a faded altar of an unknown god.
   403 | D:1      | Got Faida's Papyrus of the Snowflakes and Translocation
   521 | D:1      | Reached XP level 2. HP: 17/17 MP: 3/5
  1242 | D:1      | Learned a level 2 spell: Searing Ray
  1251 | D:2      | Noticed a scorpion
  1323 | D:2      | Found Pinu's Armour Emporium.
  1434 | D:2      | Reached XP level 3. HP: 8/22 MP: 3/6
  1439 | D:2      | HP: 1/22 [poisoned by an adder]
  2238 | D:2      | Slain by a scorpion

Illustrated notes

Levels and vault maps discovered:
D:1:      ncdulo_lavacross, layout_basic, chequers_ecumenical_altar_island
D:2:      layout_basic, serial_shops, nicolae_shop_hallway_stairs

Skill      XL: |  1  2 |
---------------+-------+-----
Stealth        | 3 |  3.2
Fighting       | |  0.9
Dodging        | |  2.4
Spellcasting   | |  2.3
Conjurations   | |  4.5

Action                   || total
-------------------------++-------
Melee: Unarmed           ||    27
       Constrict         ||    14
       Tentacles         ||     9
       Dagger            ||    17
 Cast: Magic Dart        ||     7
       Searing Ray       ||     4
  Use: Scroll            ||     3
       Potion            ||     1
 Stab: Sleeping          ||     3
Armor: Skin              ||     2
Dodge: Dodged            ||    41

Table legend: (Time is in decaauts)
 A = Elapsed time spent in this place.
 B = Non-inter-level travel time spent in this place.
 C = Inter-level travel time spent in this place.
 D = Time resting spent in this place.
 E = Time spent auto-exploring this place.
 F = Levels seen in this place.
 G = Mean time per level.
                   A        B        C        D        E       F      G
               +--------+--------+--------+--------+--------+-----+--------+
         Total |   2237 |   2212 |     25 |    434 |   1552 |   2 | 1118.5 |
       Dungeon |   2237 |   2212 |     25 |    434 |   1552 |   2 | 1118.5 |
               +--------+--------+--------+--------+--------+-----+--------+

Top non-repeatable levels by time:
     D:1: 1248 daAuts
     D:2: 988 daAuts
